 Dungeon Crawl Stone Soup version 0.30.1-4-g462c640d31 (webtiles) character file.

Game seed: 14177523612129525963

5 Mune the Firebug (level 1, 0/10 HPs)
             Began as a Gargoyle Fire Elementalist on Aug 20, 2023.
             Slain by a jackal (2 damage)
             ... on level 1 of the Dungeon.
             The game lasted 00:00:44 (179 turns).

Mune the Firebug (Gargoyle Fire Elementalist)        Turns: 179, Time: 00:00:44

Health: 0/10       AC:  4    Str: 11    XL:     1   Next: 80%
Magic:  0/3        EV: 11    Int: 15    God:
Gold:   11         SH:  0    Dex: 10    Spells: 3/4 levels left

rFire   . . .        c - +0 dagger
rCold   . . .        (no shield)
rNeg    + . .        a - +0 robe
rPois   ∞            (no helmet)
rElec   +            (no cloak)
rCorr   .            (no gloves)
SInv    .            (no boots)
Will    .....        (no amulet)
Stlth   ++           (no ring)
HPRegen 0.21/turn    (no ring)
MPRegen 0.08/turn

%: no passive effects
@: no status effects
A: sickness immunity, AC +2, negative energy resistance 1, electricity
resistance, torment resistance 1, petrification resistance
a: no special abilities


You were on level 1 of the Dungeon.
You visited 1 branch of the dungeon, and saw 1 of its levels.

You collected 11 gold pieces.

Inventory:

Hand Weapons
 c - a +0 dagger (weapon)
Armour
 a - a +0 robe (worn)
Jewellery
 e - an amulet of regeneration
Scrolls
 d - a scroll of blinking {unknown}
Potions
 b - a potion of magic
 f - a potion of might {unknown}


   Skills:
 - Level 1.5 Dodging
 - Level 2.1 Stealth
 - Level 2.0 Spellcasting
 + Level 2.0 Conjurations
 - Level 3.0 Fire Magic


You had 3 spell levels left.
You knew the following spells:

 Your Spells              Type           Power      Damage    Failure   Level
a - Foxfire               Conj/Fire      36%        2x1d5     8%          1

Your spell library contained the following spells:

 Spells                   Type           Power      Damage    Failure   Level
 Scorch                   Fire           20%        2d5       10%         2
 Inner Flame              Hex/Fire       6%         N/A       34%         3
 Volatile Blastmotes      Fire/Tloc      12%        2d11      34%         3
 Flame Wave               Conj/Fire      9%         2d6       61%         4


Dungeon Overview and Level Annotations

Branches:
Dungeon (1/15)

Altars:


Innate Abilities, Weirdness & Mutations

You are immune to sickness and miasma.
Your stone body is resilient. (AC +2)
You are immune to poison.
You resist negative energy. (rN+)
You are resistant to electric shocks. (rElec)
You are resistant to unholy torment.
You are immune to petrification.


Message History

The jackal bites you but does no damage.
The rat bites you. The goblin hits you with a +0 club.
You miss the goblin.
The goblin is moderately wounded.
The jackal bites you. The rat barely misses you.
The goblin hits you with a +0 club.
* * * LOW HITPOINT WARNING * * *
The jackal barely misses you.
You closely miss the goblin.
The goblin is moderately wounded.
The rat misses you. The jackal barely misses you.
The goblin hits you but does no damage.
You closely miss the goblin.
The goblin is moderately wounded.
The jackal misses you. The rat misses you. The goblin hits you with a +0 club.
* * * LOW HITPOINT WARNING * * *
Casting: Foxfire (safe; 9% risk of failure)
Confirm with . or Enter, or press ? or * to list all spells.
You conjure some foxfire!
The jackal barely misses you. The rat closely misses you.
The goblin barely misses you. The jackal barely misses you.
You closely miss the jackal.
The foxfire hits the jackal.
The jackal is heavily wounded.
The foxfire hits the goblin.
You kill the goblin!
The jackal bites you but does no damage.
The rat bites you but does no damage.
Your Conjurations skill increases to level 2!
You closely miss the jackal.
The jackal is heavily wounded.
The jackal barely misses you. The rat barely misses you.
The jackal bites you but does no damage.
You barely miss the jackal.
The jackal is heavily wounded.
The rat bites you but does no damage.
The jackal bites you but does no damage.
You hit the jackal.
The jackal is severely wounded.
The jackal bites you.
You die...

....##...................
.........................
.........#......#........
.........#......#........
.........#......#........
.........########........
.......##................
.......# .......)r.......
.......# .......@h.......
.......# ................
#+##...# .......?........
.. ....# ........####.###
.. ..... ......... ... ..
.. ....##... ### .l ....
#... .. ... ..... ..


You could see a jackal and a rat.

Vanquished Creatures
  A goblin (D:1)
  A jackal (D:1)
  A frilled lizard (D:1)
  A kobold (D:1)
  2 rats (D:1)
6 creatures vanquished.

Vanquished Creatures (others)
  18 foxfires (D:1)
18 creatures vanquished.

Grand Total: 24 creatures vanquished

Notes
Turn   | Place    | Note
-------+----------+-------------------------------------------
     0 | D:1      | Mune the Gargoyle Fire Elementalist began the quest for the
                  | Orb.
     0 | D:1      | Reached XP level 1. HP: 10/10 MP: 3/3
   179 | D:1      | Slain by a jackal

Illustrated notes

Levels and vault maps discovered:
D:1:      minmay_arrival_shattered_statue, layout_basic, st_stairs_14

Skill      XL: |  1 |
---------------+----+-----
Conjurations   | 2 |  2.0
Dodging        | |  1.5
Stealth        | |  2.1
Spellcasting   | |  2.0
Fire Magic     | |  3.0

Action                     || total
---------------------------++-------
  Melee: Dagger            ||    11
   Cast: Foxfire           ||    10
 Armour: Robe              ||    15
  Dodge: Dodged            ||    22
